 Dungeon Crawl Stone Soup version 0.21.0 (webtiles) character file.

81 Gaball the Cudgeler (level 4, 0/28 HPs)
             Began as a Gargoyle Berserker on Jan 6, 2018.
             Was a Believer of Trog.
             Slain by a gnoll
             ... wielding a +0 halberd
              (7 damage)
             ... on level 2 of the Dungeon.
             The game lasted 00:02:59 (1561 turns).

Gaball the Cudgeler (Gargoyle Berserker)            Turns: 1561, Time: 00:02:59

Health: 0/28       AC: 12    Str: 22    XL:     4   Next: 42%
Magic:  4/4        EV:  8    Int:  7    God:    Trog [**....]
Gold:   81         SH:  0    Dex:  9    Spells: 3/3 levels left

rFire    . . .     SeeInvis .   a - +0 mace
rCold    . . .     Gourm    .   (no shield)
rNeg     + . .     Faith    .   d - +0 chain mail
rPois    ∞         Spirit   .   (no helmet)
rElec    +         Reflect  .   (no cloak)
rCorr    .         Harm     .   (no gloves)
MR       .....                  (no boots)
Stlth    ..........             (no amulet)
HPRegen  0.09/turn              (no ring)
MPRegen  0.09/turn              (no ring)

@: no status effects
A: negative energy resistance 1, electricity resistance, unbreathing,
petrification resistance, rot immunity, AC +3
a: Berserk, Trog's Hand, Burn Spellbooks, Renounce Religion


You were on level 2 of the Dungeon.
You worshipped Trog.
Trog was pleased with you.
You were very hungry.

You visited 1 branch of the dungeon, and saw 2 of its levels.

You collected 81 gold pieces.

Inventory:

Hand Weapons
 a - a +0 mace (weapon)
Armour
 b - a +0 animal skin
 d - a +0 chain mail (worn)
Jewellery
 l - an uncursed amulet of regeneration {unknown}
Scrolls
 e - a scroll of random uselessness {unknown}
 f - 2 scrolls of identify {unknown}
 g - 4 scrolls of remove curse {unknown}
 i - 2 scrolls of teleportation {unknown}
 k - 2 scrolls of enchant armour {unknown}
 m - a scroll of fog {unknown}
Potions
 h - a potion of heal wounds {unknown}
 j - a potion of agility {unknown}
Comestibles
 c - 3 rations


   Skills:
 - Level 3.3 Fighting
 + Level 5.0 Maces & Flails
 - Level 2.2 Armour
 - Level 1.5 Dodging


You had 3 spell levels left.
You didn't know any spells.

Dungeon Overview and Level Annotations

Branches:
Dungeon (2/15)

Altars:
Elyvilon
Kikubaaqudgha
Makhleb
Uskayaw


Innate Abilities, Weirdness & Mutations

You are resistant to torment.
Your stone body is resilient. (AC +3)
You are immune to poison.
You resist negative energy. (rN+)
You are resistant to electric shocks. (rElec)
You can survive without breathing.
You are immune to petrification.
You are immune to rotting.


Message History

Things that are here:
a halberd; a gnoll corpse A worm comes into view.
The gnoll shouts!
You see here a bat corpse.
You butcher the bat corpse.
Things that are here:
a chunk of flesh; a bat skeleton
Things that are here:
a halberd; a gnoll corpse The gnoll shouts!
The gnoll hits you but does no damage.
You hit the gnoll.
The gnoll is moderately wounded.
The gnoll closely misses you. The gnoll hits you with a halberd!
The gnoll hits you with a halberd!
* * * LOW HITPOINT WARNING * * *
The gnoll hits you from afar with a halberd!
You die...

#########
##.############.......####
#.#.(....)...gg.@.........
...###%######.#####....#
#............#####....#
#...#.##....(##.......######
###.#.##w###.##.##..........
#........# #.##.##.#..######
#....w##.# #..†.##....# ####
...##..#
#######.##.#######... #..
#..# #######.#..........##


You could see 2 gnolls.

Vanquished Creatures
  An adder (D:2)
  2 gnolls (D:2)
  An ooze (D:2)
  A leopard gecko (D:1)
  5 bats
  4 giant cockroaches (D:1)
  5 goblins
  2 hobgoblins (D:1)
  5 jackals
  2 quokkas (D:2)
  3 frilled lizards (D:2)
  4 kobolds
  13 rats
48 creatures vanquished.

Notes
Turn   | Place    | Note
-------+----------+-------------------------------------------
     0 | D:1      | Gaball the Gargoyle Berserker began the quest for the Orb.
     0 | D:1      | Reached XP level 1. HP: 14/14 MP: 1/1
   143 | D:1      | Reached XP level 2. HP: 17/19 MP: 2/2
   634 | D:1      | Reached skill level 4 in Maces & Flails
   634 | D:1      | Reached XP level 3. HP: 23/23 MP: 3/3
   965 | D:2      | Found a white marble altar of Elyvilon.
   965 | D:2      | Found an ancient bone altar of Kikubaaqudgha.
   966 | D:2      | Found a burning altar of Makhleb.
  1044 | D:2      | Reached ** piety under Trog
  1321 | D:2      | Reached XP level 4. HP: 28/28 MP: 4/4
  1474 | D:2      | Found a hide-covered altar of Uskayaw.
  1544 | D:2      | Reached skill level 5 in Maces & Flails
  1561 | D:2      | Slain by a gnoll

Skill      XL: |  1  2  3  4 |
---------------+-------------+-----
Maces & Flails | 4 5 |  5.0
Fighting       | |  3.3
Armour         | |  2.2
Dodging        | |  1.5

Action                   |  1- 3 |  4- 6 || total
-------------------------+-------+-------++-------
Melee: Mace              |   136 |    25 ||   161
Invok: Berserk           |     1 |       ||     1
  Eat: Chunk             |     1 |     1 ||     2
Armor: Chain mail        |   121 |    18 ||   139
Dodge: Dodged            |    85 |     9 ||    94
